MWL
WATERLOO HAWKS @ APPLETON FOXES
06/25/1982
 
TOP OF THE 1ST
Waterloo Hawks batting - Pitching for Appleton Foxes : RHP Mark Grant
Pitching: RHP Mark Grant
Batting: RHB Edward Irvine 0-0: Ball
1-0: Foul Ball, location: 2F
1-1: Called Strike
1-2: Ball
2-2: Ball
3-2: SINGLE (Groundball, 34D, EV 96.3 MPH)
Batting: RHB Mark Sheehy 0-0: Called Strike
0-1: Ball
1-1: Ball
2-1: Called Strike
2-2: Ball
3-2: SINGLE (Line Drive, 78M, EV 95.6 MPH)
Edward Irvine to second
Batting: RHB Tony Evans 0-0: Ball
1-0: DOUBLE (Line Drive, 89M, EV 108.8 MPH)
Edward Irvine scores
Mark Sheehy to third
Runner from 3rd tries for Home, SAFE, throw by RF to home
Batting: RHB Carmelo Aguayo 0-0: Ball
1-0: Ball
2-0: DOUBLE (Line Drive, 9LM, EV 95.6 MPH)
Tony Evans scores
Batting: RHB Jay Loviglio 0-0: Ball
1-0: Ball
2-0: Ground out 6-3 (Groundball, 6M, EV 76.9 MPH)
Carmelo Aguayo to third
Batting: LHB Burk Goldthorn 0-0: Ball
1-0: Called Strike
1-1: Fly out, F7 (Flyball, 7LS, EV 88.1 MPH)
Batting: RHB Michael Williams 0-0: Called Strike
0-1: Ball
1-1: Ball
2-1: 2-RUN HOME RUN (Line Drive, 7LD, EV 107.5 MPH), Distance : 345 ft
Batting: RHB Kean Rich 0-0: Foul Ball, location: 2F
0-1: Called Strike
0-2: Strikes out swinging
Top of the 1st over - 5 runs, 5 hits, 0 errors, 0 left on base; Waterloo 5 - Appleton 0
BOTTOM OF THE 1ST
Appleton Foxes batting - Pitching for Waterloo Hawks : RHP John Franks
Pitching: RHP John Franks
Batting: LHB Mike Woodard 0-0: Ball
1-0: Ball
2-0: Ball
3-0: Base on Balls
Batting: SHB Matt Gallegos 0-0: Ball
1-0: Ball
2-0: Foul Ball, location: 2F
2-1: Swinging Strike
2-2: Foul Ball, location: 2F
2-2: Ball
Mike Woodard steals 2nd base
3-2: Base on Balls
Batting: RHB Randy Asadoor 0-0: Foul Ball, location: 2F
0-1: Ball
1-1: Foul Ball, location: 2F
1-2: Strikes out swinging
Batting: RHB George Hinshaw 0-0: Called Strike
0-1: Ball
1-1: Fly out, F3 (Popup, 23F, EV 85.0 MPH)
Batting: RHB Victor Mata 0-0: Ball
1-0: Foul Ball, location: 2F
1-1: Ball
2-1: Ball
3-1: Called Strike
3-2: Fly out, F4 (Popup, 4, EV 63.8 MPH)
Bottom of the 1st over - 0 runs, 0 hits, 0 errors, 2 left on base; Waterloo 5 - Appleton 0
TOP OF THE 2ND
Waterloo Hawks batting - Pitching for Appleton Foxes : RHP Mark Grant
Batting: RHB David Cusack 0-0: Hit by Pitch
Batting: RHB Edward Irvine 0-0: Ball
1-0: Called Strike
1-1: Swinging Strike
1-2: Fly out, F7 (Line Drive, 7, EV 90.0 MPH)
Batting: RHB Mark Sheehy 0-0: Fly out, F8 (Flyball, 8RM, EV 95.6 MPH)
Batting: RHB Tony Evans 0-0: Foul Ball, location: 2F
0-1: Called Strike
0-2: Ball
1-2: Strikes out swinging
Top of the 2nd over - 0 runs, 0 hits, 0 errors, 1 left on base; Waterloo 5 - Appleton 0
BOTTOM OF THE 2ND
Appleton Foxes batting - Pitching for Waterloo Hawks : RHP John Franks
Batting: LHB John Csefalvay 0-0: Called Strike
0-1: Foul Ball, location: 2F
0-2: Ball
1-2: Ball
2-2: Foul Ball, location: 2F
2-2: Ball
3-2: Base on Balls
Batting: RHB Howard Lopes 0-0: Ball
1-0: Fly out, F8 (Flyball, 89M, EV 81.9 MPH)
Batting: RHB Peter Rowe 0-0: Ball
1-0: SINGLE (Groundball, 56D, EV 110.0 MPH)
John Csefalvay to second
Batting: RHB Philip Sutton 0-0: Called Strike
0-1: Grounds into double play, 6-4-3 (Groundball, 6, EV 76.9 MPH)
Bottom of the 2nd over - 0 runs, 1 hit, 0 errors, 1 left on base; Waterloo 5 - Appleton 0
TOP OF THE 3RD
Waterloo Hawks batting - Pitching for Appleton Foxes : RHP Mark Grant
Batting: RHB Carmelo Aguayo 0-0: Foul Ball, location: 2F
0-1: Called Strike
0-2: Ball
1-2: Ball
2-2: Strikes out swinging
Batting: RHB Jay Loviglio 0-0: Ball
1-0: Swinging Strike
1-1: Ball
2-1: Ball
3-1: DOUBLE (Flyball, 89D, EV 112.5 MPH)
Batting: LHB Burk Goldthorn 0-0: Called Strike
0-1: Ground out 1-6-3 (Groundball, 15S, EV 96.9 MPH)
Jay Loviglio to third
Batting: RHB Michael Williams 0-0: Fly out, F9 (Flyball, 9D, EV 98.8 MPH)
Top of the 3rd over - 0 runs, 1 hit, 0 errors, 1 left on base; Waterloo 5 - Appleton 0
BOTTOM OF THE 3RD
Appleton Foxes batting - Pitching for Waterloo Hawks : RHP John Franks
Batting: LHB Mike Woodard 0-0: Ball
1-0: Ball
2-0: Ball
3-0: Base on Balls
Batting: SHB Matt Gallegos 0-0: Foul Ball, location: 2F
0-1: Foul Ball, location: 2F
0-2: Fly out, F6 (Popup, 6MS, EV 62.5 MPH)
Batting: RHB Randy Asadoor 0-0: Called Strike
0-1: Ball
1-1: Ball
Mike Woodard steals 2nd base
2-1: DOUBLE (Line Drive, 78XD, EV 110.0 MPH)
Mike Woodard scores
Batting: RHB George Hinshaw 0-0: Ball
1-0: Ball
2-0: Ball
3-0: Called Strike
3-1: Fly out, F9 (Flyball, 9S, EV 85.0 MPH)
Batting: RHB Victor Mata 0-0: Ball
1-0: Ball
2-0: Called Strike
2-1: Foul Ball, location: 2F
2-2: Strikes out swinging
Bottom of the 3rd over - 1 run, 1 hit, 0 errors, 1 left on base; Waterloo 5 - Appleton 1
TOP OF THE 4TH
Waterloo Hawks batting - Pitching for Appleton Foxes : RHP Mark Grant
Batting: RHB Kean Rich 0-0: Swinging Strike
0-1: Ball
1-1: Called Strike
1-2: Strikes out swinging
Batting: RHB David Cusack 0-0: Ball
1-0: Ball
2-0: Called Strike
2-1: Called Strike
2-2: Fly out, F8 (Flyball, 78S, EV 71.9 MPH)
Batting: RHB Edward Irvine 0-0: Ground out 4-3 (Groundball, 4, EV 90.0 MPH)
Top of the 4th over - 0 runs, 0 hits, 0 errors, 0 left on base; Waterloo 5 - Appleton 1
BOTTOM OF THE 4TH
Appleton Foxes batting - Pitching for Waterloo Hawks : RHP John Franks
Batting: LHB John Csefalvay 0-0: Ball
1-0: Ball
2-0: Ball
3-0: Called Strike
3-1: Base on Balls
Batting: RHB Howard Lopes 0-0: Ball
1-0: Called Strike
1-1: Ball
2-1: Foul Ball, location: 2F
2-2: Foul Ball, location: 2F
2-2: Ball
3-2: Base on Balls
John Csefalvay to second
Batting: RHB Peter Rowe 0-0: Fly out, F4 (Popup, 34S, EV 84.4 MPH)
Batting: RHB Philip Sutton 0-0: Ball
1-0: Foul Ball, location: 2F
1-1: Foul Ball, location: 2F
1-2: Ball
2-2: Hit by Pitch
John Csefalvay to third
Howard Lopes to second
Batting: LHB Mike Woodard 0-0: DOUBLE (Groundball, 3L, EV 108.8 MPH)
John Csefalvay scores
Howard Lopes scores
Philip Sutton to third
Batting: SHB Matt Gallegos 0-0: Ball
1-0: Foul Ball, location: 2F
1-1: Fly out, F8 (Flyball, 8LD, EV 103.1 MPH)
Runner from 3rd tags up, SCORES, throw by CF
Batting: RHB Randy Asadoor 0-0: Ball
1-0: Ball
2-0: Foul Ball, location: 2F
2-1: Ball
3-1: SINGLE (Flyball, 3D, EV 95.6 MPH)
Mike Woodard to third
Runner from 3rd tries for Home, throw by RF and OUT! 9-2
Bottom of the 4th over - 3 runs, 2 hits, 0 errors, 1 left on base; Waterloo 5 - Appleton 4
TOP OF THE 5TH
Waterloo Hawks batting - Pitching for Appleton Foxes : RHP Mark Grant
Batting: RHB Mark Sheehy 0-0: Ground out 6-3 (Groundball, 56, EV 83.1 MPH)
Batting: RHB Tony Evans 0-0: Ball
1-0: Foul Ball, location: 2F
1-1: Fly out, F9 (Flyball, 9D, EV 101.9 MPH)
Batting: RHB Carmelo Aguayo 0-0: Ball
1-0: DOUBLE (Line Drive, 89XD, EV 113.1 MPH)
Pitching: RHP Frederick Atkins
Batting: RHB Jay Loviglio 0-0: Fly out, F9 (Flyball, 9, EV 89.4 MPH)
Top of the 5th over - 0 runs, 1 hit, 0 errors, 1 left on base; Waterloo 5 - Appleton 4
BOTTOM OF THE 5TH
Appleton Foxes batting - Pitching for Waterloo Hawks : RHP John Franks
Batting: RHB George Hinshaw 0-0: TRIPLE (Flyball, 9D, EV 102.5 MPH)
Batting: RHB Victor Mata 0-0: Swinging Strike
0-1: Ball
1-1: Ground out U3 (Groundball, 13, EV 85.6 MPH)
George Hinshaw scores
Batting: LHB John Csefalvay 0-0: Ground out 4-3 (Groundball, 4, EV 86.9 MPH)
Batting: RHB Howard Lopes 0-0: Foul Ball, location: 2F
0-1: Fly out, F4 (Flyball, 34D, EV 88.1 MPH)
Bottom of the 5th over - 1 run, 1 hit, 0 errors, 0 left on base; Waterloo 5 - Appleton 5
TOP OF THE 6TH
Waterloo Hawks batting - Pitching for Appleton Foxes : RHP Frederick Atkins
Batting: LHB Burk Goldthorn 0-0: Ground out 3-1 (Groundball, 34, EV 101.9 MPH)
Batting: RHB Michael Williams 0-0: Foul Ball, location: 2F
0-1: Ground out 5-3 (Groundball, 5, EV 96.9 MPH)
Batting: RHB Kean Rich 0-0: Ball
1-0: Ground out 6-3 (Groundball, 56, EV 88.1 MPH)
Top of the 6th over - 0 runs, 0 hits, 0 errors, 0 left on base; Waterloo 5 - Appleton 5
BOTTOM OF THE 6TH
Appleton Foxes batting - Pitching for Waterloo Hawks : RHP John Franks
Batting: RHB Peter Rowe 0-0: Called Strike
0-1: Ball
1-1: Ball
2-1: Ground out 5-3 (Groundball, 56, EV 82.5 MPH)
Batting: RHB Philip Sutton 0-0: Ball
1-0: Called Strike
1-1: TRIPLE (Flyball, 7D, EV 95.0 MPH)
Batting: LHB Mike Woodard 0-0: Ball
1-0: Ball
2-0: Swinging Strike
2-1: Foul Ball, location: 2F
2-2: Foul Ball, location: 2F
2-2: Ground out 6-3 (Groundball, 6, EV 86.9 MPH)
Batting: SHB Matt Gallegos 0-0: Foul Ball, location: 2F
0-1: Ball
1-1: SINGLE (Groundball, 4MD, EV 99.4 MPH)
Philip Sutton scores
Pitching: RHP Victor Chavez
Batting: RHB Randy Asadoor 0-0: Ball
1-0: Called Strike
1-1: Fly out, F8 (Line Drive, 8LM, EV 100.0 MPH)
Bottom of the 6th over - 1 run, 2 hits, 0 errors, 1 left on base; Waterloo 5 - Appleton 6
TOP OF THE 7TH
Waterloo Hawks batting - Pitching for Appleton Foxes : RHP Frederick Atkins
Batting: RHB David Cusack 0-0: Foul Ball, location: 2F
0-1: Called Strike
0-2: Ball
1-2: Strikes out swinging
Batting: RHB Edward Irvine 0-0: Called Strike
0-1: Swinging Strike
0-2: Ground out 6-3 (Groundball, 6, EV 81.9 MPH)
Batting: RHB Mark Sheehy 0-0: Called Strike
0-1: Swinging Strike
0-2: Ball
1-2: Ground out 6-3 (Groundball, 6, EV 89.4 MPH)
Top of the 7th over - 0 runs, 0 hits, 0 errors, 0 left on base; Waterloo 5 - Appleton 6
BOTTOM OF THE 7TH
Appleton Foxes batting - Pitching for Waterloo Hawks : RHP Victor Chavez
Batting: RHB George Hinshaw 0-0: Ground out 6-3 (Groundball, 6, EV 80.0 MPH)
Batting: RHB Victor Mata 0-0: Called Strike
0-1: Ball
1-1: Called Strike
1-2: Ball
2-2: Ball
3-2: Strikes out looking
Batting: LHB John Csefalvay 0-0: Ball
1-0: Ball
2-0: Called Strike
2-1: Ball
3-1: Base on Balls
Batting: RHB Howard Lopes 0-0: Ball
1-0: Ball
2-0: Called Strike
2-1: Ball
3-1: Called Strike
3-2: Fly out, F8 (Flyball, 8RD, EV 105.6 MPH)
Bottom of the 7th over - 0 runs, 0 hits, 0 errors, 1 left on base; Waterloo 5 - Appleton 6
TOP OF THE 8TH
Waterloo Hawks batting - Pitching for Appleton Foxes : RHP Frederick Atkins
Batting: RHB Tony Evans 0-0: Called Strike
0-1: Ball
1-1: Ball
2-1: Ball
3-1: Base on Balls
Pitching: RHP Glen Johnson
Batting: RHB Carmelo Aguayo 0-0: DOUBLE (Flyball, 8RXD, EV 96.9 MPH)
Tony Evans to third
Batting: RHB Jay Loviglio 0-0: Called Strike
0-1: Reached on error, E9 (Flyball, 9, EV 85.0 MPH)
Tony Evans scores
Carmelo Aguayo to third
Batting: LHB Burk Goldthorn 0-0: Ball
1-0: Foul Ball, location: 2F
1-1: Ball
2-1: Fly out, F7 (Flyball, 78M, EV 93.8 MPH)
Batting: RHB Michael Williams 0-0: Called Strike
0-1: Ball
Pickoff Throw to First - Error! E1
Carmelo Aguayo scores
Jay Loviglio to second
1-1: Fly out, F4 (Popup, 3DF, EV 71.9 MPH)
Batting: RHB Kean Rich 0-0: Ball
1-0: Called Strike
1-1: Foul Ball, location: 2F
1-2: Ball
2-2: Foul Ball, location: 2F
2-2: Ball
3-2: Foul Ball, location: 2F
3-2: Foul Ball, location: 2F
3-2: Foul Ball, location: 2F
3-2: Fly out, F9 (Flyball, 89D, EV 93.8 MPH)
Top of the 8th over - 2 runs, 1 hit, 2 errors, 1 left on base; Waterloo 7 - Appleton 6
BOTTOM OF THE 8TH
Appleton Foxes batting - Pitching for Waterloo Hawks : RHP Victor Chavez
Batting: RHB Peter Rowe 0-0: Called Strike
0-1: Ball
1-1: Ball
2-1: Ball
3-1: Reached on error, E6 (Groundball, 56, EV 78.8 MPH)
Batting: RHB Philip Sutton 0-0: Bunted foul
0-1: Bunt missed!
0-2: Ball
1-2: DOUBLE (Flyball, 8RXD, EV 96.9 MPH)
Peter Rowe to third
Runner from 3rd tries for Home, SAFE, throw by CF to home
Batting: LHB Mike Woodard 0-0: Swinging Strike
0-1: Ball
1-1: Ground out U3 (Groundball, 3L, EV 84.4 MPH)
Philip Sutton to third
Batting: SHB Matt Gallegos 0-0: Ball
1-0: Ball
2-0: Foul Ball, location: 2F
2-1: Ball
3-1: Fly out, F8 (Flyball, 8LS, EV 70.0 MPH)
Runner from 3rd tags up, SCORES, throw by CF
Batting: RHB Randy Asadoor 0-0: Ball
1-0: Called Strike
1-1: Fly out, F8 (Line Drive, 8RD, EV 88.8 MPH)
Bottom of the 8th over - 2 runs, 1 hit, 1 error, 0 left on base; Waterloo 7 - Appleton 8
TOP OF THE 9TH
Waterloo Hawks batting - Pitching for Appleton Foxes : RHP Glen Johnson
Pitching: RHP Jaime Cocanower
Pinch Hitting: LHB Bruce Humphrey 0-0: Ball
1-0: Called Strike
1-1: Ball
2-1: Ball
3-1: Base on Balls
Batting: RHB Edward Irvine 0-0: Foul Ball, location: 2F
0-1: Foul Ball, location: 2F
0-2: Strikes out swinging
Batting: RHB Mark Sheehy 0-0: Ball
1-0: Ball
2-0: Called Strike
2-1: Ball
3-1: Foul Ball, location: 2F
3-2: Foul Ball, location: 2F
3-2: Fly out, F8 (Flyball, 89D, EV 106.3 MPH)
Runner from 1st tags up, SAFE at 2nd
Batting: RHB Tony Evans 0-0: Ball
1-0: Ball
2-0: Ball
3-0: Called Strike
3-1: Base on Balls
Pinch Runner at 2nd John Stockstill:
Batting: RHB Carmelo Aguayo 0-0: Swinging Strike
0-1: Ball
1-1: Foul Ball, location: 2F
1-2: SINGLE (Groundball, 56D, EV 95.0 MPH)
John Stockstill to third
Tony Evans to second
Runner from 3rd tries for Home, SAFE, throw by LF to home
Batting: RHB Jay Loviglio 0-0: Ground out 5-3 (Groundball, 25, EV 91.3 MPH)
Top of the 9th over - 1 run, 1 hit, 0 errors, 2 left on base; Waterloo 8 - Appleton 8
BOTTOM OF THE 9TH
Appleton Foxes batting - Pitching for Waterloo Hawks : RHP Victor Chavez
Now in CF: Daniel Keck
Batting: RHB George Hinshaw 0-0: Ball
1-0: Foul Ball, location: 2F
1-1: Ball
2-1: Foul Ball, location: 2F
2-2: Fly out, F9 (Flyball, 9S, EV 94.4 MPH)
Batting: RHB Victor Mata 0-0: Fly out, F9 (Line Drive, 9, EV 88.1 MPH)
Batting: LHB John Csefalvay 0-0: Fly out, F6 (Popup, 56, EV 60.6 MPH)
Bottom of the 9th over - 0 runs, 0 hits, 0 errors, 0 left on base; Waterloo 8 - Appleton 8
TOP OF THE 10TH
Waterloo Hawks batting - Pitching for Appleton Foxes : RHP Jaime Cocanower
Pitching: RHP John McLarnan
Batting: LHB Burk Goldthorn 0-0: Ball
1-0: Swinging Strike
1-1: Ball
2-1: Swinging Strike
2-2: Foul Ball, location: 2F
2-2: Strikes out swinging, 2-3 out at first.
Batting: RHB Michael Williams 0-0: Ball
1-0: Ball
2-0: Ball
3-0: Base on Balls
Batting: RHB Kean Rich 0-0: Ball
1-0: Swinging Strike
1-1: Called Strike
1-2: Ball
2-2: Fly out, F8 (Line Drive, 8RM, EV 100.0 MPH)
Batting: RHB Daniel Keck 0-0: Foul Ball, location: 2F
0-1: Ball
1-1: Fly out, F8 (Flyball, 78S, EV 90.6 MPH)
Top of the 10th over - 0 runs, 0 hits, 0 errors, 1 left on base; Waterloo 8 - Appleton 8
BOTTOM OF THE 10TH
Appleton Foxes batting - Pitching for Waterloo Hawks : RHP Victor Chavez
Batting: RHB Howard Lopes 0-0: Ball
1-0: Ball
2-0: Ground out 5-3 (Groundball, 56S, EV 66.3 MPH)
Pinch Hitting: RHB Robert Gilles 0-0: Ball
1-0: Ground out 4-3 (Groundball, 4, EV 80.0 MPH)
Batting: RHB Philip Sutton 0-0: Ball
1-0: Ball
2-0: Ground out 5-3 (Groundball, 56, EV 104.4 MPH)
Bottom of the 10th over - 0 runs, 0 hits, 0 errors, 0 left on base; Waterloo 8 - Appleton 8
TOP OF THE 11TH
Waterloo Hawks batting - Pitching for Appleton Foxes : RHP John McLarnan
Now at C: Robert Gilles
Batting: RHB Edward Irvine 0-0: DOUBLE (Line Drive, 89D, EV 101.9 MPH)
Batting: RHB Mark Sheehy 0-0: Ball
1-0: Ground out 3-1 (Groundball, 13, EV 79.4 MPH)
Edward Irvine to third
Batting: RHB Tony Evans 0-0: SINGLE (Line Drive, 34, EV 96.3 MPH)
Edward Irvine scores
Batting: RHB Carmelo Aguayo 0-0: Foul Ball, location: 2F
0-1: Fly out, F9 (Flyball, 89S, EV 87.5 MPH)
Batting: RHB Jay Loviglio 0-0: Called Strike
0-1: Ball
1-1: Foul Ball, location: 2F
1-2: Foul Ball, location: 2F
1-2: Fly out, F6 (Popup, P, EV 76.3 MPH)
Top of the 11th over - 1 run, 2 hits, 0 errors, 1 left on base; Waterloo 9 - Appleton 8
BOTTOM OF THE 11TH
Appleton Foxes batting - Pitching for Waterloo Hawks : RHP Victor Chavez
Batting: LHB Mike Woodard 0-0: Ground out 4-3 (Groundball, 34D, EV 85.6 MPH)
Batting: SHB Matt Gallegos 0-0: Foul Ball, location: 2F
0-1: Foul Ball, location: 2F
0-2: Ground out U3 (Groundball, 3, EV 102.5 MPH)
Batting: RHB Randy Asadoor 0-0: Ball
1-0: Ball
2-0: Ball
3-0: Base on Balls
Pitching: RHP Jesus Atilano
Batting: RHB George Hinshaw 0-0: Ball
1-0: Called Strike
1-1: Swinging Strike
1-2: Foul Ball, location: 2F
1-2: Foul Ball, location: 2F
1-2: Ground out 6-3 (Groundball, 56S, EV 71.9 MPH)
Bottom of the 11th over - 0 runs, 0 hits, 0 errors, 1 left on base; Waterloo 9 - Appleton 8
Monday, August 10th, 2020 - OOTP Baseball 21.5 Build 76